 Dungeon Crawl Stone Soup version 0.23.1 (webtiles) character file.

Game seed: 8936057671659008374

104 Borgoz the Sneak (level 4, -3/35 HPs)
             Began as a Ghoul Enchanter on Mar 3, 2019.
             Slain by a hound (4 damage)
             ... on level 3 of the Dungeon.
             The game lasted 00:05:27 (2595 turns).

Borgoz the Sneak (Ghoul Enchanter)                  Turns: 2595, Time: 00:05:28

Health: -3/35      AC:  5    Str: 10 (11) XL:     4   Next: 80%
Magic:  4/5        EV: 10    Int: 19 (20) God:
Gold:   163        SH:  0    Dex:  9 (10) Spells: 3/6 levels left

rFire    . . .     SeeInvis .   u - +0 dagger (vamp)
rCold    + . .     Gourm    .   (no shield)
rNeg     + + +     Faith    +   h - +0 ring mail (curse)
rPois    ∞         Spirit   .   (no helmet)
rElec    .         Reflect  .   (no cloak)
rCorr    .         Harm     .   (no gloves)
MR       .....                  (no boots)
Stlth    ++........             q - amulet of faith
HPRegen  0.00/turn              i - +5 ring of intelligence
MPRegen  0.09/turn              (no ring)

@: brilliant, rotting
A: rotting body, claws 1, carnivore, cold resistance 1, negative energy
resistance 3, inhibited regeneration, torment resistance, unbreathing
a: no special abilities


You were on level 3 of the Dungeon.
You were not hungry.

You visited 1 branch of the dungeon, and saw 3 of its levels.

You collected 163 gold pieces.

Inventory:

Hand Weapons
 a - a +1 dagger
 u - a +0 vampiric dagger (weapon)
Missiles
 m - 15 poisoned needles
 n - 3 tomahawks (quivered)
Armour
 h - a cursed +0 ring mail (worn)
Jewellery
 i - a +5 ring of intelligence (left claw)
 q - an amulet of faith (around neck)
Scrolls
 e - 2 scrolls of fog {unknown}
 f - a scroll of enchant weapon {unknown}
 j - 2 scrolls of enchant armour {unknown}
 k - a scroll of teleportation {unknown}
 l - 5 scrolls of identify {unknown}
 o - 2 scrolls of amnesia {unknown}
 r - a scroll of noise {unknown}
 v - 2 scrolls of remove curse {unknown}
Potions
 b - a potion of resistance {unknown}
 c - a potion of agility {unknown}
 g - a potion of brilliance
 s - a potion of curing {unknown}
 t - a potion of mutation
Comestibles
 d - 6 rations
 p - 2 chunks of flesh


   Skills:
 + Level 1.5 Fighting
 + Level 1.6 Short Blades
 + Level 1.2 Armour
 + Level 2.4 Dodging
 + Level 4.1 Stealth
 - Level 1.9 Spellcasting
 - Level 2.6 Hexes


You had 3 spell levels left.
You knew the following spells:

 Your Spells              Type           Power        Failure   Level  Hunger
a - Corona                Hex            ###....      1%          1    #......
b - Ensorcelled Hibernat  Hex/Ice        ###...       4%          2    ###....

Your spell library contained the following spells:

 Spells                   Type           Power        Failure   Level  Hunger
 Confuse                  Hex            ###.....     5%          3    ###....
 Tukima's Dance           Hex            ###.....     5%          3    ###....
 Dazzling Spray           Conj/Hex       ###...       9%          3    ###....


Dungeon Overview and Level Annotations

Branches:
Dungeon (3/15)

Altars:
Nemelex Xobeh


Innate Abilities, Weirdness & Mutations

Your body is rotting away.
You thrive on raw meat.
You are immune to poison.
You have sharp fingernails.
You are carnivorous and can eat meat at any time.
Your flesh is cold resistant. (rC+)
You are immune to negative energy. (rN+++)
You do not regenerate when monsters are visible.
You are immune to unholy pain and torment.
You can survive without breathing.


Message History

* * * LOW HITPOINT WARNING * * *
You barely miss the hound.
The hound is lightly wounded.
The hound completely misses you. The bat closely misses you.
The hound bites you.
* * * LOW HITPOINT WARNING * * *
It was a potion of brilliance.
You feel clever all of a sudden. The bat hits you but does no damage.
The hound barely misses you.
It was a potion of mutation.
You feel extremely strange.
Your body decomposes!
You feel weakened.
Your body decomposes!
You feel clumsy.
Your body decomposes!
You feel dopey. The hound bites you.
* * * LOW HITPOINT WARNING * * *
The hound bites you.
You die...

##.####
#.#..[......#.# <#.#
#.....#.#..... .#.#
.###..#!#=#.#.#
.#.###........###...#
.......######.....###
.....#.# ##.#.##
.......# #..o#
.....### #####.#h#
##.##### #.....#@#
.......# #.....#b#
.......###.....#.#
...............#.##
.......###........#
.....)...#........#
.......#..........#
.......###......).#
.......##.........#


You could see a hound, an orc and a bat.

Vanquished Creatures
  3 adders
  3 oozes
  2 worms (D:2)
  2 dart slugs
  4 leopard geckos
  A ball python (D:3)
  4 giant cockroaches
  A goblin (D:2)
  7 hobgoblins
  6 jackals
  3 bats
  5 frilled lizards
  5 kobolds
  5 rats
51 creatures vanquished.

Notes
Turn   | Place    | Note
-------+----------+-------------------------------------------
     0 | D:1      | Borgoz the Ghoul Enchanter began the quest for the Orb.
     0 | D:1      | Reached XP level 1. HP: 14/14 MP: 2/2
   152 | D:1      | Reached XP level 2. HP: 4/20 MP: 3/3
   525 | D:1      | Reached skill level 1 in Short Blades
   553 | D:1      | Learned a level 2 spell: Ensorcelled Hibernation
  1015 | D:1      | You fall through a shaft!
  1027 | D:2      | Reached XP level 3. HP: 27/27 MP: 4/4
  1585 | D:2      | Reached skill level 1 in Fighting
  1866 | D:2      | Reached XP level 4. HP: 31/35 MP: 5/5
  1954 | D:2      | Found a sparkling altar of Nemelex Xobeh.
  1982 | D:2      | Reached skill level 1 in Armour
  2045 | D:2      | Reached skill level 4 in Stealth
  2595 | D:3      | HP: 1/35 [hound (5)]
  2595 | D:3      | Slain by a hound

Skill      XL: |  1  2  3  4 |
---------------+-------------+-----
Short Blades   | 1 |  1.6
Dodging        | 2 |  2.4
Fighting       | 1 |  1.5
Armour         | 1 |  1.2
Stealth        | 4 |  4.1
Spellcasting   | |  1.9
Hexes          | |  2.6

Action                   |  1- 3 |  4- 6 || total
-------------------------+-------+-------++-------
Melee: Dagger            |   167 |   161 ||   328
 Cast: Corona            |       |     2 ||     2
  Use: Potion            |       |     4 ||     4
 Stab: Sleeping          |     2 |       ||     2
  Eat: Chunk             |     6 |     7 ||    13
Armor: Robe              |     1 |       ||     1
       Ring mail         |    51 |    94 ||   145
Dodge: Dodged            |    93 |   114 ||   207
